 Dungeon Crawl Stone Soup version 0.19.1 (webtiles) character file.

7009 XO4YCPATb the Grappler (level 10, -1/94 HPs)
             Began as a Troll Monk on Nov 30, 2016.
             Was a Believer of Ru.
             Slain by a wolf (8 damage)
             ... led by Grum
             ... on level 10 of the Dungeon.
             The game lasted 00:17:31 (8617 turns).

XO4YCPATb the Grappler (Troll Monk)                 Turns: 8617, Time: 00:17:32

Health: -1/94      AC:  8    Str: 23    XL:     10   Next: 82%
Magic:  18/18      EV: 12    Int:  7    God:    Ru [**....]
Gold:   634        SH:  0    Dex: 12    Spells: 0 memorised, 9 levels left

rFire  . . .     SeeInvis .       - Unarmed
rCold  . . .     Gourm    +     q - +2 robe {MR+}
rNeg   + . .     Faith    .     (no shield)
rPois  .         Spirit   .     (helmet restricted)
rElec  .         Reflect  .     o - +0 cloak
rCorr  +         Harm     .     (gloves unavailable)
MR     +....                    (boots unavailable)
Stlth  ..........               H - macabre finger necklace {rN+}
                                E - ring of magical power
                                y - ring of resist corrosion
                                (no ring)

@: lethally poisoned (-1 -> -2)
A: unfitting armour, claws 3, fast metabolism 3, gourmand, regeneration 1,
screaming 1, shaggy fur 1, tough skin 2, no stealth, missing an eye
a: Renounce Religion


You were on level 10 of the Dungeon.
You worshipped Ru.
Ru was pleased with you.
You were not hungry.

You visited 2 branches of the dungeon, and saw 11 of its levels.

You collected 634 gold pieces.

Inventory:

Missiles
 M - 8 tomahawks (quivered)
Armour
 o - a +0 cloak (worn)
 q - a +2 robe of magic resistance (worn)
Jewellery
 y - a ring of resist corrosion (left claw)
 C - an uncursed ring of fire
 E - a ring of magical power (right claw)
 H - the macabre finger necklace (around neck) {rN+}
   (You found it on level 7 of the Dungeon)

   [amulet of nothing]

   It protects you from negative energy.
Wands
 u - a wand of confusion (3/48)
 w - a wand of slowing (14/48)
 F - a wand of acid (7/15)
Scrolls
 i - a scroll of noise
 k - 4 scrolls of fear
 l - a scroll of amnesia
 m - a scroll of enchant armour
 n - 2 scrolls of teleportation
 p - 4 scrolls of recharging {unknown}
 r - 5 scrolls of remove curse
 s - 2 scrolls of immolation
 t - 3 scrolls of fog {unknown}
 x - 2 scrolls of brand weapon {unknown}
 B - a scroll of torment {unknown}
 K - a scroll of enchant weapon {unknown}
 N - a scroll of magic mapping {unknown}
Potions
 a - 2 potions of curing
 c - a potion of heal wounds
 d - a potion of magic {unknown}
 e - 2 potions of degeneration {unknown}
 f - 5 potions of lignification {unknown}
 h - 4 potions of flight {unknown}
 v - 2 potions of invisibility
 A - 3 potions of agility
 G - 2 potions of brilliance {unknown}
 I - a potion of might {unknown}
 L - a potion of cure mutation {unknown}
 O - a potion of beneficial mutation {unknown}
 P - 2 potions of berserk rage {unknown}
Books
 D - a book of Conjurations

   Spells                             Type                      Level
   a - Magic Dart                     Conjuration                  1
   b - Searing Ray                    Conjuration                  2
   c - Dazzling Spray                 Conjuration/Hexes            3
   d - Fulminant Prism                Conjuration/Hexes            4
   e - Iskenderun's Mystic Blast      Conjuration                  4
   f - Iskenderun's Battlesphere      Conjuration/Charms           5
 J - a book of Flames

   Spells                             Type                      Level
   a - Flame Tongue                   Conjuration/Fire             1
   b - Throw Flame                    Conjuration/Fire             2
   c - Conjure Flame                  Conjuration/Fire             3
   d - Inner Flame                    Hexes/Fire                   3
   e - Sticky Flame                   Conjuration/Fire             4
   f - Fireball                       Conjuration/Fire             5
 R - a book of Callings

   Spells                             Type                      Level
   a - Summon Small Mammal            Summoning                    1
   b - Call Imp                       Summoning                    2
   c - Call Canine Familiar           Summoning                    3
   d - Summon Guardian Golem          Hexes/Summoning              3
   e - Summon Lightning Spire         Summoning/Air                4
   f - Summon Ice Beast               Ice/Summoning                4
Comestibles
 b - 10 bread rations
 g - 2 royal jellies
 j - 9 fruits
 z - 3 meat rations


   Skills:
 + Level 4.9 Fighting
 * Level 4.5 Throwing
 + Level 6.2 Dodging
 + Level 13.2 Unarmed Combat


You had 9 spell levels left.
You didn't know any spells.

Dungeon Overview and Level Annotations

Branches:
Dungeon (10/15)            Temple (1/1) D:5
   Lair: D:8-11         Orc: D:9-12

Altars:
Ashenzari
Cheibriados
Dithmenos
Gozag
Hepliaklqana
Kikubaaqudgha
Makhleb
Nemelex Xobeh
Okawaru
Qazlal
Ru
Trog
Uskayaw
Vehumet
Xom
Yredelemnul
The Shining One

Shops:
D:9 %


Innate Abilities, Weirdness & Mutations

You are too large for most types of armour.
You have claws for hands.
Your metabolism is lightning-fast.
You like to eat raw meat.
Your natural rate of healing is unusually fast.
You occasionally shout uncontrollably at your foes.
You are covered in fur. (AC +1)
You have very tough skin. (AC +2)
You cannot be stealthy.
You are missing an eye, making it more difficult to aim.


Message History

* * * LOW HITPOINT WARNING * * *
The wolf closely misses you. The wolf barely misses you.
Grum hits you but does no damage.
You are more poisoned.
You feel better. The wolf bites you but does no damage. The wolf bites you.
* * * LOW HITPOINT WARNING * * *
The wolf bites you.
* * * LOW HITPOINT WARNING * * *
Grum hits you with a spear of venom!
* * * LOW HITPOINT WARNING * * *
You are poisoned.
The wolf closely misses you.
You claw Grum!
You kill Grum!
You feel sick. The wolf bites you but does no damage.
The wolf completely misses you.
Unknown command.
You feel sick. The wolf closely misses you.
You feel sick. The wolf bites you!
You die...

#. ..#
#.........## #.
... +.......[.'.
##. ..
#.........## .. .#
##.......## #.#.##
##.....## #.)..#
##...## #.##..#h#
##'## #.....h.#
#.# ######@## #.#
#.# ##.###### #†#
##..>..... #.#
#####.....####
#.###...........#
#.....#.###..##...
#####...# ##.# ###
##### #.# #.#


You could see 2 wolves.

Vanquished Creatures
  The ghost of XO4YCPATb the Deliberate, a novice TrTm of Cheibriados (D:9)
  A kobold demonologist (D:8)
  The ghost of dscm the Chopper, a novice GrFi (D:6)
  A troll (D:8)
  The ghost of dscm the Shield-Bearer, an amateur GrFi (D:4)
  A hippogriff (D:8)
  Grum (D:10)
  3 hungry ghosts
  4 water moccasins
  4 ice beasts
  4 sky beasts
  2 orc warriors
  2 phantoms
  A black bear (D:7)
  A necrophage (D:6)
  An eye of draining (D:10)
  A wolf (D:10)
  3 centaurs
  3 ogres
  8 bullfrogs
  2 big kobolds
  4 scorpions
  4 wights (D:10)
  2 bullfrog zombies
  4 crimson imps
  2 quasits
  A gnoll shaman (D:8)
  2 centaur skeletons
  2 hounds
  10 orc wizards
  5 orc priests
  Terence (D:3)
  8 worker ants
  A killer bee zombie (D:6)
  A hound zombie (D:8)
  2 hound skeletons
  A worker ant zombie (D:5)
  12 adders
  5 gnolls
  2 howler monkey skeletons
  A shadow imp (D:8)
  4 oozes
  3 adder skeletons
  3 worms
  4 dart slugs
  6 leopard geckos
  30 orcs
  4 giant cockroaches
  4 goblins
  5 hobgoblins
  11 jackals
  18 kobolds
  4 quokkas
  11 bats
  7 frilled lizards
  A jackal skeleton (D:9)
  A leopard gecko skeleton (D:4)
  A quokka skeleton (D:5)
  3 rats
236 creatures vanquished.

Notes
Turn   | Place    | Note
-------+----------+-------------------------------------------
     0 | D:1      | XO4YCPATb the Troll Monk began the quest for the Orb.
     0 | D:1      | Reached XP level 1. HP: 22/22 MP: 0/0
    49 | D:1      | Reached XP level 2. HP: 22/29 MP: 1/1
   153 | D:1      | Reached skill level 4 in Unarmed Combat
   277 | D:1      | Reached XP level 3. HP: 34/36 MP: 2/2
   776 | D:2      | Reached skill level 5 in Unarmed Combat
   776 | D:2      | Reached XP level 4. HP: 44/44 MP: 3/3
  1335 | D:2      | Reached XP level 5. HP: 43/50 MP: 4/4
  1352 | D:3      | Reached skill level 6 in Unarmed Combat
  1707 | D:3      | Noticed Terence
  1715 | D:3      | Killed Terence
  2082 | D:4      | Noticed dscm's ghost (amateur GrFi)
  2109 | D:4      | Killed dscm's ghost
  2109 | D:4      | Reached skill level 7 in Unarmed Combat
  2109 | D:4      | Reached XP level 6. HP: 20/59 MP: 5/5
  2580 | D:4      | Reached skill level 8 in Unarmed Combat
  2580 | D:4      | Reached XP level 7. HP: 35/66 MP: 6/6
  2736 | D:4      | Found a burning altar of Makhleb.
  2940 | D:5      | Entered Level 5 of the Dungeon
  3208 | D:5      | Reached skill level 9 in Unarmed Combat
  3241 | D:5      | Found a bloodstained altar of Trog.
  3252 | D:5      | Found an opulent altar of Gozag.
  3397 | D:5      | Found a staircase to the Ecumenical Temple.
  3408 | Temple   | Entered the Ecumenical Temple
  3420 | Temple   | Became a worshipper of Ru the Awakened
  3430 | Temple   | Gained mutation: You cannot be stealthy. [Ru sacrifice]
  3538 | D:5      | Found a glowing golden altar of the Shining One.
  3602 | D:5      | Reached XP level 8. HP: 48/74 MP: 7/7
  3664 | D:5      | Reached skill level 10 in Unarmed Combat
  4027 | D:6      | Reached skill level 11 in Unarmed Combat
  4384 | D:6      | Noticed dscm's ghost (novice GrFi)
  4409 | D:6      | Killed dscm's ghost
  4409 | D:6      | Reached skill level 12 in Unarmed Combat
  4409 | D:6      | Reached XP level 9. HP: 35/80 MP: 8/8
  5110 | D:7      | Got a polished falchion
  5111 | D:7      | Identified the +4 falchion of Ladgh {slice, rN+ MR+} (You found it on level 7 of the Dungeon)
  5403 | D:7      | Gained mutation: You are missing an eye, making it more difficult to aim. [Ru sacrifice]
  5403 | D:7      | Reached * piety under Ru
  5999 | D:7      | Found a basalt altar of Yredelemnul.
  6324 | D:8      | Reached skill level 5 in Dodging
  6349 | D:8      | Reached XP level 10. HP: 88/92 MP: 9/9
  6686 | D:8      | Found an iron altar of Okawaru.
  6822 | D:8      | Reached skill level 1 in Throwing
  7024 | D:9      | Found Nidary's Food Shoppe.
  7399 | D:9      | Reached skill level 13 in Unarmed Combat
  7888 | D:9      | Noticed XO4YCPATb's ghost (novice TrTm)
  7910 | D:9      | Killed XO4YCPATb's ghost
  8086 | D:10     | Entered Level 10 of the Dungeon
  8145 | D:10     | Gained mutation: You occasionally shout uncontrollably at your foes. [Ru sacrifice]
  8145 | D:10     | Reached ** piety under Ru
  8605 | D:10     | Noticed Grum
  8615 | D:10     | Killed Grum
  8617 | D:10     | Slain by a wolf

Skill      XL: |  1  2  3  4  5  6  7  8  9 10 |
---------------+-------------------------------+-----
Unarmed Combat | 4 5 7 8 9 12 13 | 13.2
Stealth        | 0 |  0.0
Dodging        | 5 6 |  6.2
Fighting       | 3 4 |  4.9
Throwing       | 4 |  4.5

Action                   |  1- 3 |  4- 6 |  7- 9 | 10-12 || total
-------------------------+-------+-------+-------+-------++-------
Melee: Unarmed           |    90 |   126 |   380 |   223 ||   819
       Punch             |     1 |     4 |    15 |    14 ||    34
Invok: Sacrifice Stealth |       |       |     1 |       ||     1
       Sacrifice an Eye  |       |       |     1 |       ||     1
       Sacrifice Purity  |       |       |       |     1 ||     1
Evoke: Wand              |       |       |     7 |     2 ||     9
  Use: Scroll            |       |     2 |    10 |       ||    12
       Potion            |       |       |       |     3 ||     3
 Stab: Sleeping          |     1 |     2 |     2 |       ||     5
       Distracted        |       |       |       |     1 ||     1
  Eat: Chunk             |    13 |    16 |    34 |    25 ||    88
       Beef jerky        |       |       |       |     4 ||     4
       Pizza             |       |       |       |     1 ||     1
Armor: Robe              |    38 |    29 |   111 |    58 ||   236
Dodge: Dodged            |    34 |    50 |   161 |   111 ||   356
